SL
VANCOUVER GREY WOLVES @ BROOKLYN DODGERS
08/24/2028
 
TOP OF THE 1ST
Vancouver Grey Wolves batting - Pitching for Brooklyn Dodgers : RHP Eddie Kop
Pitching: RHP Eddie Kop
Batting: RHB José Jarca 0-0: Ball
1-0: DOUBLE (Flyball, 78XD)
Batting: LHB Preston Witt 0-0: Called Strike
0-1: Called Strike
0-2: Ball
1-2: Foul Ball, location: 2F
1-2: Strikes out looking
Batting: SHB Ted Striker 0-0: Ball
José Jarca is caught stealing 3rd base
1-0: Ball
2-0: Ball
3-0: Called Strike
3-1: Called Strike
3-2: SOLO HOME RUN (Flyball, 9D), Distance : 386 ft
Batting: SHB Seishiro Nishimura 0-0: Ball
1-0: Ball
2-0: SINGLE (Line Drive, 9S)
Batting: LHB Aquiles Marmelo 0-0: Foul Ball, location: 2F
0-1: Called Strike
0-2: Ball
1-2: Ball
2-2: Ball
3-2: Foul Ball, location: 2F
3-2: Foul Ball, location: 2F
3-2: Strikes out swinging
Top of the 1st over - 1 run(s), 3 hit(s), 0 error(s), 1 left on base; Vancouver 1 - Brooklyn 0
BOTTOM OF THE 1ST
Brooklyn Dodgers batting - Pitching for Vancouver Grey Wolves : RHP Erasmo Monteagudo
Pitching: RHP Erasmo Monteagudo
Batting: RHB Vincent Crane 0-0: Ball
1-0: Fly out, F7 (Flyball, 78M)
Batting: RHB Ulbert Sutkamp 0-0: Ball
1-0: Ball
2-0: Called Strike
2-1: Ball
3-1: Foul Ball, location: 2F
3-2: Foul Ball, location: 2F
3-2: Base on Balls
Batting: LHB Frank Sharp 0-0: Ball
1-0: DOUBLE (Groundball, 5L)
Ulbert Sutkamp to third
Batting: LHB Avon Barksdale 0-0: Foul Ball, location: 2F
0-1: Ball
1-1: Ball
2-1: Ball
3-1: Base on Balls
Batting: SHB Juan Rivas 0-0: Called Strike
0-1: Ball
1-1: Foul Ball, location: 2F
1-2: SINGLE (Groundball, 6MD)
Ulbert Sutkamp scores
Frank Sharp to third
Avon Barksdale to second
Runner from 3rd tries for Home, SAFE, no throw
Batting: RHB Brent Ryan 0-0: Called Strike
0-1: Ball
1-1: Called Strike
1-2: Ball
2-2: Strikes out swinging
Batting: RHB Gustavo Mateo 0-0: Ball
1-0: Called Strike
1-1: Swinging Strike
1-2: Foul Ball, location: 2F
1-2: Foul Ball, location: 2F
1-2: Foul Ball, location: 2F
1-2: Ball
2-2: Ball
3-2: Strikes out swinging
Bottom of the 1st over - 2 run(s), 2 hit(s), 0 error(s), 2 left on base; Vancouver 1 - Brooklyn 2
TOP OF THE 2ND
Vancouver Grey Wolves batting - Pitching for Brooklyn Dodgers : RHP Eddie Kop
Batting: RHB Tony Farquharson 0-0: Called Strike
0-1: Foul Ball, location: 2F
0-2: Ball
1-2: Strikes out swinging
Batting: RHB Hank Scorpio 0-0: Called Strike
0-1: Called Strike
0-2: SINGLE (Line Drive, 34)
Batting: RHB Hugh Mungus 0-0: Called Strike
0-1: Grounds into double play, 6-4-3 (Groundball, 6)
Top of the 2nd over - 0 run(s), 1 hit(s), 0 error(s), 0 left on base; Vancouver 1 - Brooklyn 2
BOTTOM OF THE 2ND
Brooklyn Dodgers batting - Pitching for Vancouver Grey Wolves : RHP Erasmo Monteagudo
Batting: LHB Chad Armstrong 0-0: Foul Ball, location: 2F
0-1: Foul Ball, location: 2F
0-2: Ball
1-2: Foul Ball, location: 2F
1-2: SINGLE (Flyball, 8LS)
Batting: RHB Adrian Rodgers 0-0: Ball
1-0: Called Strike
1-1: Called Strike
1-2: Strikes out swinging
Batting: RHB Vincent Crane 0-0: Called Strike
0-1: Fly out, F8 (Flyball, 8RD)
Batting: RHB Ulbert Sutkamp 0-0: Called Strike
0-1: Called Strike
0-2: Strikes out swinging
Bottom of the 2nd over - 0 run(s), 1 hit(s), 0 error(s), 1 left on base; Vancouver 1 - Brooklyn 2
TOP OF THE 3RD
Vancouver Grey Wolves batting - Pitching for Brooklyn Dodgers : RHP Eddie Kop
Batting: RHB Juan Martínez 0-0: Ball
1-0: Ball
2-0: Foul Ball, location: 2F
2-1: Fly out, F9 (Flyball, 9S)
Batting: RHB José Jarca 0-0: Fly out, F9 (Flyball, 89M)
Batting: LHB Preston Witt 0-0: Ball
1-0: Foul Ball, location: 2F
1-1: Ball
2-1: Fly out, F4 (Line Drive, 4)
Top of the 3rd over - 0 run(s), 0 hit(s), 0 error(s), 0 left on base; Vancouver 1 - Brooklyn 2
BOTTOM OF THE 3RD
Brooklyn Dodgers batting - Pitching for Vancouver Grey Wolves : RHP Erasmo Monteagudo
Batting: LHB Frank Sharp 0-0: Called Strike
0-1: Fly out, F3 (Popup, 3L)
Batting: LHB Avon Barksdale 0-0: Ball
1-0: Swinging Strike
1-1: Ball
2-1: Ball
3-1: Foul Ball, location: 2F
3-2: Strikes out looking
Batting: SHB Juan Rivas 0-0: Called Strike
0-1: Ball
1-1: Called Strike
1-2: Ball
2-2: SINGLE (Line Drive, 3D)
Batting: RHB Brent Ryan 0-0: Ball
1-0: Called Strike
Juan Rivas steals 2nd base
1-1: SINGLE (Groundball, 6) (infield hit)
Juan Rivas to third
Batting: RHB Gustavo Mateo 0-0: Called Strike
0-1: Called Strike
0-2: Ball
1-2: Ball
2-2: Strikes out swinging
Bottom of the 3rd over - 0 run(s), 2 hit(s), 0 error(s), 2 left on base; Vancouver 1 - Brooklyn 2
TOP OF THE 4TH
Vancouver Grey Wolves batting - Pitching for Brooklyn Dodgers : RHP Eddie Kop
Batting: SHB Ted Striker 0-0: Foul Ball, location: 2F
0-1: Swinging Strike
0-2: Ball
1-2: Strikes out swinging
Batting: SHB Seishiro Nishimura 0-0: Ball
1-0: Ground out 4-3 (Groundball, 4)
Batting: LHB Aquiles Marmelo 0-0: Ball
1-0: Ball
2-0: Called Strike
2-1: Ball
3-1: Foul Ball, location: 2F
3-2: Foul Ball, location: 2F
3-2: Foul Ball, location: 2F
3-2: Fly out, F3 (Line Drive, 4)
Top of the 4th over - 0 run(s), 0 hit(s), 0 error(s), 0 left on base; Vancouver 1 - Brooklyn 2
BOTTOM OF THE 4TH
Brooklyn Dodgers batting - Pitching for Vancouver Grey Wolves : RHP Erasmo Monteagudo
Batting: LHB Chad Armstrong 0-0: Called Strike
0-1: Foul Ball, location: 2F
0-2: Ball
1-2: Fly out, F9 (Flyball, 9S)
Batting: RHB Adrian Rodgers 0-0: Foul Ball, location: 2F
0-1: Ball
1-1: Ball
2-1: Foul Ball, location: 2F
2-2: Ball
3-2: Foul Ball, location: 2F
3-2: Ground out 2-3 (Groundball, 2R)
Batting: RHB Vincent Crane 0-0: Called Strike
0-1: Ball
1-1: Called Strike
1-2: Foul Ball, location: 2F
1-2: Foul Ball, location: 2F
1-2: Fly out, F8 (Flyball, 8LM)
Bottom of the 4th over - 0 run(s), 0 hit(s), 0 error(s), 0 left on base; Vancouver 1 - Brooklyn 2
TOP OF THE 5TH
Vancouver Grey Wolves batting - Pitching for Brooklyn Dodgers : RHP Eddie Kop
Batting: RHB Tony Farquharson 0-0: Ball
1-0: Called Strike
1-1: Reached via error on a dropped throw, E3
Batting: RHB Hank Scorpio 0-0: Ball
1-0: Called Strike
1-1: Fly out, F9 (Flyball, 9)
Batting: RHB Hugh Mungus 0-0: Ball
1-0: Called Strike
1-1: Swinging Strike
1-2: Ball
2-2: Foul Ball, location: 2F
2-2: Ball
3-2: DOUBLE (Line Drive, 7LM)
Tony Farquharson to third
Batting: RHB Juan Martínez 0-0: Ball
1-0: Called Strike
1-1: Ground out 6-3 (Groundball, 6)
Tony Farquharson scores
Batting: RHB José Jarca 0-0: SINGLE (Groundball, 56D)
Hugh Mungus to third
Runner from 3rd tries for Home, SAFE, no throw
Batting: LHB Preston Witt 0-0: SINGLE (Line Drive, 5L)
José Jarca to second
Batting: SHB Ted Striker 0-0: Swinging Strike
0-1: Ball
1-1: Foul Ball, location: 2F
1-2: Strikes out swinging
Top of the 5th over - 2 run(s), 3 hit(s), 1 error(s), 2 left on base; Vancouver 3 - Brooklyn 2
BOTTOM OF THE 5TH
Brooklyn Dodgers batting - Pitching for Vancouver Grey Wolves : RHP Erasmo Monteagudo
Batting: RHB Ulbert Sutkamp 0-0: Ball
1-0: Ball
2-0: Fly out, F8 (Flyball, 8LD)
Batting: LHB Frank Sharp 0-0: Called Strike
0-1: Ball
1-1: Swinging Strike
1-2: Ground out 4-3 (Groundball, 4M)
Batting: LHB Avon Barksdale 0-0: Ball
1-0: Called Strike
1-1: Ball
2-1: Foul Ball, location: 2F
2-2: Hit by Pitch
Pitching: RHP Roy Shively
Batting: SHB Juan Rivas 0-0: Called Strike
0-1: Ball
1-1: Swinging Strike
1-2: Strikes out looking
Bottom of the 5th over - 0 run(s), 0 hit(s), 0 error(s), 1 left on base; Vancouver 3 - Brooklyn 2
TOP OF THE 6TH
Vancouver Grey Wolves batting - Pitching for Brooklyn Dodgers : RHP Eddie Kop
Batting: SHB Seishiro Nishimura 0-0: Ball
1-0: Called Strike
1-1: Ball
2-1: Fly out, F5 (Popup, 5L)
Batting: LHB Aquiles Marmelo 0-0: Ball
1-0: Swinging Strike
1-1: Foul Ball, location: 2F
1-2: Ball
2-2: Ball
3-2: Strikes out swinging
Batting: RHB Tony Farquharson 0-0: Swinging Strike
0-1: Swinging Strike
0-2: Ball
1-2: Ball
2-2: Strikes out swinging
Top of the 6th over - 0 run(s), 0 hit(s), 0 error(s), 0 left on base; Vancouver 3 - Brooklyn 2
BOTTOM OF THE 6TH
Brooklyn Dodgers batting - Pitching for Vancouver Grey Wolves : RHP Roy Shively
Batting: RHB Brent Ryan 0-0: Ground out 6-3 (Groundball, 6)
Batting: RHB Gustavo Mateo 0-0: Ball
1-0: Ball
2-0: Called Strike
2-1: Ball
3-1: Called Strike
3-2: DOUBLE (Groundball, 5L)
Batting: LHB Chad Armstrong 0-0: Called Strike
0-1: Fly out, F7 (Flyball, 7S)
Batting: RHB Adrian Rodgers 0-0: Ball
Wild Pitch!
Gustavo Mateo to third
1-0: Swinging Strike
1-1: Ball
2-1: Foul Ball, location: 2F
2-2: Ball
3-2: SINGLE (Groundball, 6MD)
Gustavo Mateo scores
Batting: RHB Vincent Crane 0-0: Ball
1-0: Foul Ball, location: 2F
1-1: Ball
2-1: Ground out 1-3 (Groundball, 13S)
Bottom of the 6th over - 1 run(s), 2 hit(s), 0 error(s), 1 left on base; Vancouver 3 - Brooklyn 3
TOP OF THE 7TH
Vancouver Grey Wolves batting - Pitching for Brooklyn Dodgers : RHP Eddie Kop
Batting: RHB Hank Scorpio 0-0: Ball
1-0: Called Strike
1-1: Ball
2-1: SINGLE (Line Drive, 89S)
Batting: RHB Hugh Mungus 0-0: Foul Ball, location: 2F
0-1: Ball
1-1: Single, Error in OF, E7, batter to second base
Hank Scorpio to third
Pinch Hitting: RHB Robert O'Connor 0-0: Intentional Walk
Batting: RHB José Jarca 0-0: Ball
1-0: Grounds into fielders choice 6-2 (Groundball, 6)
Hugh Mungus to third
Robert O'Connor to second
Batting: LHB Preston Witt 0-0: Ball
1-0: Grounds into double play, 6-2-3 (Groundball, 6)
Top of the 7th over - 0 run(s), 2 hit(s), 1 error(s), 2 left on base; Vancouver 3 - Brooklyn 3
BOTTOM OF THE 7TH
Brooklyn Dodgers batting - Pitching for Vancouver Grey Wolves : RHP Roy Shively
Now in RF: Robert O'Connor
Batting: RHB Ulbert Sutkamp 0-0: Called Strike
0-1: Ground out 6-3 (Groundball, 6)
Batting: LHB Frank Sharp 0-0: Foul Ball, location: 2F
0-1: Foul Ball, location: 2F
0-2: Foul Ball, location: 2F
0-2: Ball
1-2: Reached on error, E6 (Groundball, 6)
Batting: LHB Avon Barksdale 0-0: Ball
Frank Sharp steals 2nd base
1-0: Ground out 3-1 (Groundball, 34)
Frank Sharp to third
Batting: SHB Juan Rivas 0-0: Ball
1-0: Ball
2-0: Called Strike
2-1: Foul Ball, location: 2F
2-2: Ground out U3 (Groundball, 34)
Bottom of the 7th over - 0 run(s), 0 hit(s), 1 error(s), 1 left on base; Vancouver 3 - Brooklyn 3
TOP OF THE 8TH
Vancouver Grey Wolves batting - Pitching for Brooklyn Dodgers : RHP Eddie Kop
Batting: SHB Ted Striker 0-0: Foul Ball, location: 2F
0-1: Fly out, F8 (Flyball, 8RM)
Pitching: LHP Brandeis Vogt
Batting: SHB Seishiro Nishimura 0-0: Ground out 5-3 (Groundball, 5)
Batting: LHB Aquiles Marmelo 0-0: Ball
1-0: Swinging Strike
1-1: Swinging Strike
1-2: Strikes out looking
Top of the 8th over - 0 run(s), 0 hit(s), 0 error(s), 0 left on base; Vancouver 3 - Brooklyn 3
BOTTOM OF THE 8TH
Brooklyn Dodgers batting - Pitching for Vancouver Grey Wolves : RHP Roy Shively
Batting: RHB Brent Ryan 0-0: Called Strike
0-1: Called Strike
0-2: Fly out, F6 (Line Drive, 6M)
Batting: RHB Gustavo Mateo 0-0: Foul Ball, location: 2F
0-1: Ground out 6-3 (Groundball, 6)
Batting: LHB Chad Armstrong 0-0: Swinging Strike
0-1: Called Strike
0-2: Ball
1-2: Strikes out swinging
Bottom of the 8th over - 0 run(s), 0 hit(s), 0 error(s), 0 left on base; Vancouver 3 - Brooklyn 3
TOP OF THE 9TH
Vancouver Grey Wolves batting - Pitching for Brooklyn Dodgers : LHP Brandeis Vogt
Pitching: LHP Sjaak Bonne
Batting: RHB Tony Farquharson 0-0: Ball
1-0: Fly out, F8 (Flyball, 8LM)
Batting: RHB Hank Scorpio 0-0: Ball
1-0: Ball
2-0: Called Strike
2-1: Ball
3-1: Base on Balls
Batting: RHB Hugh Mungus 0-0: Ball
1-0: Fly out, F7 (Flyball, 78M)
Batting: RHB Robert O'Connor 0-0: Foul Ball, location: 2F
0-1: Ball
1-1: Called Strike
1-2: Ball
2-2: Ball
3-2: Base on Balls
Hank Scorpio to second
Batting: RHB José Jarca 0-0: Ball
1-0: Ball
2-0: Foul Ball, location: 2F
2-1: Ball
3-1: Base on Balls
Hank Scorpio to third
Robert O'Connor to second
Batting: LHB Preston Witt 0-0: Called Strike
0-1: Swinging Strike
0-2: Strikes out looking
Top of the 9th over - 0 run(s), 0 hit(s), 0 error(s), 3 left on base; Vancouver 3 - Brooklyn 3
BOTTOM OF THE 9TH
Brooklyn Dodgers batting - Pitching for Vancouver Grey Wolves : RHP Roy Shively
Batting: RHB Adrian Rodgers 0-0: Ball
1-0: Ball
2-0: Swinging Strike
2-1: Ball
3-1: Base on Balls
Batting: RHB Vincent Crane 0-0: Bunted foul
0-1: Ball
1-1: Bunted foul
1-2: SINGLE (Line Drive, 9LS)
Adrian Rodgers to second
Pinch Hitting: LHB Tim Waters 0-0: Ball
1-0: Ball
2-0: Ball
3-0: Base on Balls
Adrian Rodgers to third
Vincent Crane to second
Batting: LHB Frank Sharp 0-0: Ball
1-0: Called Strike
1-1: Ball
2-1: Swinging Strike
2-2: TRIPLE (Flyball, 9D)
Adrian Rodgers scores
Tuesday, August 29th, 2017 - OOTP Baseball 17.12 Build 75